 Dungeon Crawl Stone Soup version 0.27-a0-1500-g450c7e4133 (webtiles) character file.

Game seed: 4808488689877739529

338 lunkers the Insei (level 6, 0/43 HPs)
             Began as a Djinni Warper on July 7, 2021.
             Slain by an orc (1 damage)
             ... on level 4 of the Dungeon.
             The game lasted 00:05:01 (4274 turns).

lunkers the Insei (Djinni Warper)                   Turns: 4274, Time: 00:05:01

Health: 0/43       AC:  3    Str:  7 (10) XL:     6   Next: 85%
Gold:   105        EV: 11    Int: 16 (17) God:
                   SH:  0    Dex: 10 (12)

rFire    + + .     SeeInvis .     - Unarmed
rCold    x . .     Faith    .   (no shield)
rNeg     . . .     Spirit   .   a - +0 leather armour
rPois    ∞         Reflect  .   (no helmet)
rElec    .         Harm     .   (no cloak)
rCorr    .         Rampage  .   (no gloves)
Will     .....                  (boots unavailable)
Stlth    +.........             (no amulet)
HPRegen  0.14/turn              (no ring)
MPRegen  0.00/turn              (no ring)

@: flying
A: sickness immunity, fire resistance 2, cold vulnerability 1, float, innate
caster, hp casting, extra vitality 1
a: no special abilities


You were on level 4 of the Dungeon.
You visited 1 branch of the dungeon, and saw 4 of its levels.

You collected 105 gold pieces.

Inventory:

Hand Weapons
 i - a +1 short sword of draining
Missiles
 c - 5 boomerangs of dispersal
 j - 15 boomerangs
Armour
 a - a +0 leather armour (worn)
Wands
 o - a wand of iceblast (4)
Scrolls
 b - 2 scrolls of blinking
 e - a scroll of magic mapping {unknown}
 g - 2 scrolls of noise {unknown}
 h - a scroll of enchant armour {unknown}
 k - a scroll of immolation {unknown}
 q - a scroll of teleportation {unknown}
 s - a scroll of amnesia {unknown}
Potions
 f - a potion of degeneration
 l - a potion of brilliance {unknown}
 m - a potion of cancellation {unknown}
 n - a potion of mutation {unknown}
 p - a potion of haste {unknown}
 r - a potion of might {unknown}


   Skills:
 - Level 2.0 Fighting
 - Level 0.7 Throwing
 - Level 1.0 Armour
 - Level 2.1 Dodging
 * Level 5.6 Unarmed Combat
 + Level 3.6 Spellcasting


You couldn't memorise any spells.
You knew the following spells:

 Your Spells              Type           Power      Damage    Failure   Level
a - Magic Dart            Conj           56%        1d5       5%          1
b - Lesser Beckoning      Tloc           7%         N/A       17%         3
c - Gell's Gravitas       Tloc           7%         N/A       17%         3
d - Teleport Other        Tloc           14%        N/A       17%         3
e - Manifold Assault      Tloc           14%        N/A       83%         5
f - Wereblood             Tmut           14%        N/A       9%          2
p - Blink                 Tloc           N/A        N/A       9%          2
Your spell library was empty.

Dungeon Overview and Level Annotations

Branches:
Dungeon (4/15)
 Temple: D:4-7

Altars:
Elyvilon
Makhleb
Sif Muna

Shops:
D:3 *   D:4 ?


Innate Abilities, Weirdness & Mutations

You are immune to sickness and miasma.
You are immune to poison.
Your flesh is very heat resistant. (rF++)
You are vulnerable to cold. (rC-)
You float through the air rather than walking.
You learn spells naturally, not from books.
Your magical power is your life essence.
You have superior vitality. (+4 HP)


Message History

You feel a bit more experienced.
You bump into the rock wall.
Your primal bloodlust is almost over.
The orc barely misses you.
Unknown command.
You bump into the rock wall.
The orc closely misses you.
You bump into the rock wall.
The orc hits you with a +0 hand axe.
* * * LOW HITPOINT WARNING * * *
You bump into the rock wall.
The orc closely misses you.
You hit the orc but do no damage. The orc barely misses you.
You closely miss the orc. You punch the orc, but do no damage.
The orc hits you with a +0 hand axe.
* * * LOW HITPOINT WARNING * * *
It was a potion of degeneration.
There was something very wrong with that liquid.
You feel weakened.
You feel dopey.
You feel clumsy.
Your primal bloodlust has ended.
The orc barely misses you.
You bump into the rock wall.
The orc barely misses you.
You bump into the rock wall.
The orc hits you with a +0 hand axe.
* * * LOW HITPOINT WARNING * * *
It was a potion of curing.
You feel better. The orc hits you with a +0 hand axe.
* * * LOW HITPOINT WARNING * * *
You hit the orc.
The orc is almost dead.
You hit the orc but do no damage.
The orc is almost dead.
The orc barely misses you.
You barely miss the orc.
The orc is almost dead.
The orc misses you.
You closely miss the orc.
The orc is almost dead.
The orc hits you with a +0 hand axe.
* * * LOW HITPOINT WARNING * * *
You closely miss the orc.
The orc is almost dead.
The orc hits you with a +0 hand axe.
You die...

####.######....#.# #.#
#. ............#.###.# .
.....###..........# #
##.# ###..#.###.# ###).#
#.{#.# #.# .##..# #o.#.#
#.# #....########..#.#
#.#
#...∩..........#####.###
..##...........o@).....#
..##..##.......#########
#.##..#######..# #.#####
#..# #.. ##.# ### #.#
###


You could see an orc.

Vanquished Creatures
  Sigmund (D:3)
  2 orc wizards (D:4)
  7 adders
  2 worms (D:2)
  4 dart slugs
  2 orcs
  3 ball pythons
  4 endoplasms
  2 giant cockroaches
  5 goblins
  6 hobgoblins
  4 jackals (D:3)
  8 kobolds
  4 quokkas
  6 bats
  3 frilled lizards
  11 rats
74 creatures vanquished.

Vanquished Creatures (others)
  6 plants (D:3)
6 creatures vanquished.

Grand Total: 80 creatures vanquished

Notes
Turn   | Place    | Note
-------+----------+-------------------------------------------
     0 | D:1      | lunkers the Djinni Warper began the quest for the Orb.
     0 | D:1      | Reached XP level 1. HP: 18/18 MP: 0/0
    34 | D:1      | Found a faded altar of an unknown god.
   271 | D:1      | Reached XP level 2. HP: 23/23 MP: 0/0
  1144 | D:1      | Reached XP level 3. HP: 26/28 MP: 0/0
  1144 | D:1      | Learned a level 1 spell: Magic Dart
  1264 | D:1      | Reached skill level 3 in Unarmed Combat
  1974 | D:2      | Reached XP level 4. HP: 21/33 MP: 0/0
  2353 | D:2      | Found a white marble altar of Elyvilon.
  2497 | D:2      | Reached skill level 4 in Unarmed Combat
  2878 | D:2      | Reached XP level 5. HP: 33/38 MP: 0/0
  2878 | D:2      | Learned a level 2 spell: Wereblood
  3480 | D:3      | Noticed Sigmund
  3486 | D:3      | Killed Sigmund
  3487 | D:3      | Reached skill level 5 in Unarmed Combat
  3487 | D:3      | Reached XP level 6. HP: 41/43 MP: 0/0
  3533 | D:3      | Found Ibypampo's General Store.
  3879 | D:3      | Found a burning altar of Makhleb.
  4098 | D:4      | Found Tixysk's Magic Scroll Shoppe.
  4268 | D:4      | HP: 2/43 [orc (2)]
  4273 | D:4      | HP: 1/43 [orc (6)]
  4274 | D:4      | Slain by an orc

Illustrated notes

Levels and vault maps discovered:
D:1:      dpeg_arrival_ratfight, layout_loops_ring,
          shapermc_ecumenical_altar_rom_forum, minmay_crystal_room
D:2:      layout_rooms, basic_altar
D:3:      layout_rooms, mainiacjoe_overflow_six_doors_small,
          mainiacjoe_overflow_paths, serial_bayou, serial_bayou_pond_d,
          serial_bayou_pond_d, serial_bayou_pond_c, serial_bayou_crossing,
          serial_shops, shop, uniq_sigmund
D:4:      layout_basic, serial_shops, nicolae_take_the_stairs,
          nicolae_shop_waterfront, shop, nicolae_square_shop,
          minmay_misc_feat_pillars

Skill      XL: |  1  2  3  4  5 |
---------------+----------------+-----
Unarmed Combat | 3 4 5 |  5.6
Spellcasting   | 3 |  3.6
Fighting       | |  2.0
Throwing       | |  0.7
Armour         | |  1.0
Dodging        | |  2.1

Action                   |  1- 3 |  4- 6 || total
-------------------------+-------+-------++-------
Melee: Unarmed           |    94 |    22 ||   116
       Punch             |       |     1 ||     1
 Cast: Magic Dart        |    43 |   126 ||   169
       Wereblood         |       |     2 ||     2
Evoke: Wand              |       |     3 ||     3
  Use: Potion            |       |     2 ||     2
Armor: Leather armour    |    36 |     8 ||    44
Dodge: Dodged            |    47 |    43 ||    90

Table legend: (Time is in decaauts)
 A = Elapsed time spent in this place.
 B = Non-inter-level travel time spent in this place.
 C = Inter-level travel time spent in this place.
 D = Time resting spent in this place.
 E = Time spent auto-exploring this place.
 F = Levels seen in this place.
 G = Mean time per level.
                   A        B        C        D        E       F      G
               +--------+--------+--------+--------+--------+-----+--------+
         Total |   4267 |   4202 |     65 |    567 |   3151 |   4 | 1066.8 |
       Dungeon |   4267 |   4202 |     65 |    567 |   3151 |   4 | 1066.8 |
               +--------+--------+--------+--------+--------+-----+--------+

Top non-repeatable levels by time:
     D:1: 1577 daAuts
     D:2: 1457 daAuts
     D:3: 1042 daAuts
     D:4: 189 daAuts
